 Dungeon Crawl Stone Soup version 0.30-a0-4-ga7cffc901d (webtiles) character file.

Game seed: 18419675025923907065

7 xian the Shooter (level 1, 0/12 HPs)
             Began as a Deep Elf Hunter on Aug 21, 2022.
             Slain by a jackal (3 damage)
             ... on level 1 of the Dungeon.
             The game lasted 00:00:20 (70 turns).

xian the Shooter (Deep Elf Hunter)                    Turns: 70, Time: 00:00:21

Health: 0/12       AC:  3    Str:  8    XL:     1   Next: 91%
Magic:  3/3        EV: 12    Int: 13    God:
Gold:   0          SH:  0    Dex: 18    Spells: 0/0 levels left

rFire   . . .      SeeInvis .    a - +0 shortbow
rCold   . . .      Faith    .    (shield currently unavailable)
rNeg    . . .      Spirit   .    c - +0 leather armour
rPois   .          Reflect  .    (no helmet)
rElec   .          Harm     .    (no cloak)
rCorr   .          Rampage  .    (no gloves)
Will    .....                    (no boots)
Stlth   ++........               (no amulet)
HPRegen 0.04/turn                (no ring)
MPRegen 0.08/turn                (no ring)

@: no status effects
A: no striking features
a: no special abilities


You were on level 1 of the Dungeon.
You visited 1 branch of the dungeon, and saw 1 of its levels.

Inventory:

Hand Weapons
 a - a +0 shortbow (weapon)
Armour
 c - a +0 leather armour (worn)
Scrolls
 b - a scroll of immolation


   Skills:
 + Level 1.6 Fighting
 + Level 5.8 Ranged Weapons
 + Level 2.4 Dodging
 + Level 1.2 Stealth


You couldn't memorise any spells.
You didn't know any spells.
Your spell library was empty.

Dungeon Overview and Level Annotations

Branches:
Dungeon (1/15)

Altars:


Message History

The jackal is almost dead.
You hear a bark!
A jackal comes into view. x2; A rat comes into view.
The jackal moves out of view.
You shoot an arrow. The arrow hits the quokka.
You kill the quokka!
A rat comes into view.
You shoot an arrow. The arrow closely misses the jackal.
The arrow hits the jackal but does no damage.
The jackal stops to sniff the ground.
The jackal barely misses you.
You shoot an arrow. The arrow misses the jackal.
The jackal closely misses you.
You shoot an arrow. The arrow closely misses the jackal.
The jackal bites you. x2
You shoot an arrow. The arrow closely misses the jackal.
The jackal barely misses you.
You shoot an arrow.
The arrow hits the jackal but does no damage.
The jackal is severely wounded.
The jackal bites you. The jackal closely misses you.
The jackal barely misses you. The jackal misses you.
You are too injured to fight recklessly!
Really attack while wielding your +0 shortbow? [Y]es or [N]o only, please.
Really attack while wielding your +0 shortbow?
Okay, then.
The jackal attacks as you move away! The jackal bites you.
* * * LOW HITPOINT WARNING * * *
You are too injured to fight recklessly!
You are too injured to fight recklessly!
You are too injured to fight recklessly!
You are too injured to fight recklessly!
You are too injured to fight recklessly!
You are too injured to fight recklessly!
Fire: a) +0 shortbow
Press: ? - help, Q - select action Shift-Dir - straight line, f/p - jackal
Aim: a jackal (severely wounded, 56% to hit)
You shoot an arrow. The arrow hits the jackal!
You kill the jackal!
The jackal bites you.
You die...

.... ....
... #.. #.r
#.. #####
#r####...#
#.h.##...#
###h@....#
###....##
##.†..####
#.......##
#######..##
##..##
##..#####
##...(.#
#####..


You could see 2 jackals and a rat.

Vanquished Creatures
  An endoplasm (D:1)
  A hobgoblin (D:1)
  A jackal (D:1)
  A kobold (D:1)
  2 quokkas (D:1)
  A bat (D:1)
7 creatures vanquished.

Notes
Turn   | Place    | Note
-------+----------+-------------------------------------------
     0 | D:1      | xian the Deep Elf Hunter began the quest for the Orb.
     0 | D:1      | Reached XP level 1. HP: 12/12 MP: 3/3
    70 | D:1      | Slain by a jackal

Illustrated notes

Levels and vault maps discovered:
D:1:      tarquinn_simple_flora_water_e, layout_basic,
          nicolae_ecumenical_lake_church, minmay_tetromino_s4

Action                   || total
-------------------------++-------
 Fire: Shortbow          ||    14
Dodge: Dodged            ||     6

Table legend: (Time is in decaauts)
 A = Elapsed time spent in this place.
 B = Non-inter-level travel time spent in this place.
 C = Inter-level travel time spent in this place.
 D = Time resting spent in this place.
 E = Time spent auto-exploring this place.
 F = Levels seen in this place.
 G = Mean time per level.
                   A        B        C        D        E       F      G
               +--------+--------+--------+--------+--------+-----+--------+
         Total |     73 |     73 |      0 |      0 |     49 |   1 |   73.0 |
       Dungeon |     73 |     73 |      0 |      0 |     49 |   1 |   73.0 |
               +--------+--------+--------+--------+--------+-----+--------+

Top non-repeatable levels by time:
     D:1: 73 daAuts
